 Dungeon Crawl Stone Soup version 0.30-a0-782-ge64f9170bb (webtiles) character file.

Game seed: 3180217773357053303

114 Crownlay the Shooter (level 4, 0/37 HPs)
             Began as a Minotaur Hunter on Feb 26, 2023.
             Slain by an orc priest
             ... wielding a +0 dagger
              (3 damage)
             ... on level 3 of the Dungeon.
             The game lasted 00:02:12 (1355 turns).

Crownlay the Shooter (Minotaur Hunter)              Turns: 1355, Time: 00:02:13

Health: 0/37       AC:  3    Str: 22    XL:     4   Next: 67%
Magic:  3/3        EV: 18    Int:  6    God:
Gold:   55         SH:  0    Dex: 15    Spells: 3/3 levels left

rFire   . . .      SeeInvis .    a - +0 shortbow
rCold   . . .      Faith    .    (shield currently unavailable)
rNeg    . . .      Spirit   .    c - +0 leather armour
rPois   .          Reflect  .    (helmet restricted)
rElec   .          Harm     .    (no cloak)
rCorr   .          Rampage  .    (no gloves)
Will    .....                    (no boots)
Stlth   +                        (no amulet)
HPRegen 0.26/turn                g - +6 ring of strength
MPRegen 0.08/turn                i - +5 ring of evasion

@: no status effects
A: horns 2, retaliatory headbutt
a: no special abilities


You were on level 3 of the Dungeon.
You visited 1 branch of the dungeon, and saw 3 of its levels.

You collected 55 gold pieces.

Inventory:

Hand Weapons
 a - a +0 shortbow (weapon)
Armour
 c - a +0 leather armour (worn)
Jewellery
 g - a +6 ring of strength (left hand)
 i - a +5 ring of evasion (right hand)
 m - a ring of positive energy
Scrolls
 b - a scroll of immolation
 d - a scroll of teleportation {unknown}
 j - a scroll of fog {unknown}
 k - a scroll of noise {unknown}
 l - a scroll of amnesia {unknown}
 n - a scroll of identify {unknown}
Potions
 e - 3 potions of heal wounds {unknown}
 f - a potion of might {unknown}
 h - a potion of degeneration {unknown}


   Skills:
 + Level 2.7 Fighting
 * Level 5.6 Ranged Weapons
 + Level 2.3 Armour
 + Level 3.2 Dodging
 - Level 0.7 Stealth


You had 3 spell levels left.
You didn't know any spells.
Your spell library contained the following spells:

 Spells                   Type           Power      Damage    Failure   Level
 Sublimation of Blood     Necr           0%         N/A       65%         2
 Wereblood                Tmut           0%         N/A       65%         2
 Cause Fear               Hex            0%         N/A       99%         4
 Dragon Form              Tmut           0%         N/A       100%        7
 Summon Hydra             Summ           0%         N/A       100%        7
 Dragon's Call            Summ           0%         N/A       100%        9


Dungeon Overview and Level Annotations

Branches:
Dungeon (3/15)

Altars:
Zin

Shops:
D:1 :


Innate Abilities, Weirdness & Mutations

You have a pair of horns on your head.
You reflexively headbutt those who attack you in melee.


Message History

You shoot an arrow. The arrow hits the orc.
The orc is lightly wounded.
You shoot an arrow. The arrow hits the orc priest!
You kill the orc priest!
The orc priest hits you but does no damage.
The orc misses you.
You shoot an arrow. The arrow hits the orc!
You kill the orc!
The orc completely misses you. The orc priest barely misses you.
The orc priest calls down the wrath of Beogh upon you.
Beogh smites you! The orc misses you.
You shoot an arrow. The arrow hits the orc priest!
The orc priest is heavily wounded.
The orc closely misses you. The orc priest barely misses you.
You shoot an arrow.
The arrow completely misses the orc priest.
The orc hits you with a +0 hand axe.
The orc priest looks braver for a moment.
You shoot an arrow. The arrow hits the orc priest.
The orc priest is severely wounded.
The orc hits you with a +0 hand axe.
The orc priest hits you but does no damage.
You shoot an arrow.
The arrow closely misses the orc priest.
The orc completely misses you. You furiously retaliate!
You headbutt the orc!
You kill the orc!
The orc priest invokes the aid of Beogh against you.
Pain shoots through your body!
The orc priest mumbles some strange prayers to Beogh against you.
Beogh smites you!
* * * LOW HITPOINT WARNING * * *
You are too injured to fight recklessly!
You are too injured to fight recklessly!
Fire: a) +0 shortbow
Press: ? - help, Shift-Dir - straight line, f/p - orc priest
Aim: an orc priest, wielding a +0 dagger (severely wounded, 62% to hit)
You shoot an arrow. The arrow hits the orc priest.
The orc priest is severely wounded.
The orc priest hits you with a +0 dagger.
You die...

. .## #######...
##### .........
##...##.........
##8.<.8##........
#.......#........
#.>.8...)@......#
#.......#o).....#
##8.<.8##....####
##...##.†...#
##### .....#
........
.....!###
.......#


You could see an orc priest.

Vanquished Creatures
  2 orc priests
  2 dart slugs
  4 orcs
  3 ball pythons
  2 endoplasms (D:2)
  2 giant cockroaches
  6 goblins
  4 hobgoblins
  6 jackals
  6 kobolds
  A quokka (D:3)
  3 bats
  4 frilled lizards
  2 rats
47 creatures vanquished.

Vanquished Creatures (others)
  A plant (D:1)
1 creature vanquished.

Grand Total: 48 creatures vanquished

Notes
Turn   | Place    | Note
-------+----------+-------------------------------------------
     0 | D:1      | Crownlay the Minotaur Hunter began the quest for the Orb.
     0 | D:1      | Reached XP level 1. HP: 18/18 MP: 0/0
   114 | D:1      | Found Xablogif's Book Boutique.
   145 | D:1      | Reached XP level 2. HP: 25/25 MP: 1/1
   211 | D:1      | Reached skill level 1 in Armour
   564 | D:2      | Reached skill level 5 in Ranged Weapons
   564 | D:2      | Reached XP level 3. HP: 14/30 MP: 2/2
   941 | D:2      | Found a glowing silver altar of Zin.
   981 | D:2      | Reached XP level 4. HP: 37/37 MP: 3/3
  1355 | D:3      | Slain by an orc priest

Illustrated notes

Levels and vault maps discovered:
D:1:      ebering_hopf_link, layout_rooms, serial_forest,
          infiniplex_forest_end_3, infiniplex_forest_diagonal,
          infiniplex_forest_clump_tiny, infiniplex_forest_end_2,
          infiniplex_forest_straight_5, infiniplex_forest_lined_2, serial_shops,
          nicolae_shop_behind_doors
D:2:      layout_loops_ring, basic_altar, nicolae_titane
D:3:      layout_rooms, lightli_temple_of_fire, portal_sewer_entry_f,
          corexii_hall_statues_x, grunt_ministairs_7, dk_noncrumbling_3

Skill      XL: |  1  2  3 |
---------------+----------+-----
Armour         | 1 2 |  2.3
Ranged Weapons | 5 |  5.6
Dodging        | 3 |  3.2
Fighting       | |  2.7
Stealth        | |  0.7

Action                     |  1- 3 |  4- 6 || total
---------------------------+-------+-------++-------
   Fire: Shortbow          |    89 |    31 ||   120
 Armour: Leather armour    |    11 |     3 ||    14
  Dodge: Dodged            |    16 |    21 ||    37

Table legend: (Time is in decaauts)
 A = Elapsed time spent in this place.
 B = Non-inter-level travel time spent in this place.
 C = Inter-level travel time spent in this place.
 D = Time resting spent in this place.
 E = Time spent auto-exploring this place.
 F = Levels seen in this place.
 G = Mean time per level.
                   A        B        C        D        E       F      G
               +--------+--------+--------+--------+--------+-----+--------+
         Total |   1386 |   1295 |     91 |      0 |   1067 |   3 |  462.0 |
       Dungeon |   1386 |   1295 |     91 |      0 |   1067 |   3 |  462.0 |
               +--------+--------+--------+--------+--------+-----+--------+

Top non-repeatable levels by time:
     D:2: 814 daAuts
     D:1: 547 daAuts
     D:3: 24 daAuts
